 Dungeon Crawl Stone Soup version 0.27.1-1-g398f81649c (webtiles) character file.

Game seed: 10900505448994929044

6 Descartes the Sneak (level 1, 0/9 HPs)
             Began as a Felid Wanderer on Sept 16, 2021.
             Slain by a rat (2 damage)
             ... on level 1 of the Dungeon.
             The game lasted 00:01:19 (134 turns).

Descartes the Sneak (Felid Wanderer)                 Turns: 134, Time: 00:01:20

Health: 0/9        AC:  1    Str:  5    XL:     1   Next: 75%
Magic:  3/3        EV: 16    Int: 14    God:
Gold:   11         SH:  0    Dex: 17    Spells: 2/2 levels left
                                        Lives:  0   Deaths: 0

rFire    . . .     SeeInvis +     - Unarmed
rCold    . . .     Faith    .   (shield unavailable)
rNeg     . . .     Spirit   .   (armour unavailable)
rPois    .         Reflect  .   (helmet unavailable)
rElec    .         Harm     .   (cloak unavailable)
rCorr    .         Rampage  .   (gloves unavailable)
Will     .....                  (boots unavailable)
Stlth    ++........             (no amulet)
HPRegen  0.03/turn              (no ring)
MPRegen  0.08/turn              (no ring)

@: quick
A: very small, claws 1, fangs 3, see invisible, speed 1, shaggy fur 1, stealthy
paws, no weapons or thrown items, no armour, multi-lived
a: no special abilities


You were on level 1 of the Dungeon.
You visited 1 branch of the dungeon, and saw 1 of its levels.

You collected 11 gold pieces.

Inventory:

Scrolls
 c - a scroll of teleportation
 d - a scroll of enchant weapon {unknown}
 e - a scroll of holy word {unknown}
Potions
 a - a potion of heal wounds
 b - a potion of haste


   Skills:
 - Level 1.0 Fighting
 + Level 1.6 Dodging
 * Level 3.1 Stealth
 + Level 2.0 Unarmed Combat
 - Level 1.0 Spellcasting
 + Level 2.2 Transmutations
 + Level 1.3 Evocations


You had 2 spell levels left.
You didn't know any spells.
Your spell library contained the following spells:

 Spells                   Type           Power      Damage    Failure   Level
 Wereblood                Tmut           7%         N/A       16%         2
 Passwall                 Tmut/Erth      2%         N/A       26%         2


Dungeon Overview and Level Annotations

Branches:
Dungeon (1/15)

Altars:


Innate Abilities, Weirdness & Mutations

You have sharp claws.
You have razor-sharp teeth.
You have supernaturally acute eyesight. (SInv)
You cover ground quickly. (Speed+)
You are covered in fur. (AC +1)
Your paws help you pounce on unaware monsters.
You are incapable of wielding weapons or throwing items.
You cannot wear armour.
You gain extra lives every three experience levels.


Message History

You scratch the giant cockroach. Your bite misses the giant cockroach.
The giant cockroach is heavily wounded.
The giant cockroach bites you.
* * * LOW HITPOINT WARNING * * *
You barely miss the giant cockroach. You bite the giant cockroach.
You kill the giant cockroach!
A jackal is nearby!
You are too injured to fight recklessly!
You are too injured to fight recklessly!
The jackal barks!
You scratch the jackal.
The jackal is moderately wounded.
You hear a bark!
You hear a shout!
The jackal barely misses you.
You scratch the jackal.
You kill the jackal!
A jackal is nearby!
The jackal barks!
You hear a shout!
The jackal bites you.
* * * LOW HITPOINT WARNING * * *
You see here a jackal corpse.
You scratch the jackal.
You kill the jackal!
Your Stealth skill increases to level 3!
Found a bubbling green potion.
Found a faded altar of an unknown god.
The rat bites you but does no damage.
You barely miss the rat. The rat closely misses you. The rat barely misses you.
Found a spear.
The rat barely misses you.
There is a faded altar of an unknown god here.
You see here a scroll labelled QUFYJA WIKATIG.
e - a scroll labelled QUFYJA WIKATIG You closely miss the goblin.
You scratch the goblin.
You kill the goblin!
You closely miss the rat.
A hobgoblin comes into view.
The rat bites you.
You die...

#........g. #..........
#.......... ..#
##....$........ .#
#.g)..........##.#
#.##.#######.!...#
#.##.#######....##
#.##.†...........#
#@####...........# #r#
#...........# #####.#
#####.......#
#.#.....########.......#
...........r...........+
#..?##...######.....⌠..#
### #.....# #........#
#.#.#.# #..._....#
#.....# ##.......#


You could see a hobgoblin and a rat.

Vanquished Creatures
  A giant cockroach (D:1)
  2 jackals (D:1)
  2 ball pythons (D:1)
  A goblin (D:1)
6 creatures vanquished.

Notes
Turn   | Place    | Note
-------+----------+-------------------------------------------
     0 | D:1      | Descartes the Felid Wanderer began the quest for the Orb.
     0 | D:1      | Descartes set off with the following items: a potion of
                  | heal wounds, a potion of haste, a scroll of teleportation;
                  | and the following spells available to memorise: Wereblood,
                  | Passwall
     0 | D:1      | Reached XP level 1. HP: 9/9 MP: 3/3
   103 | D:1      | Reached skill level 3 in Stealth
   106 | D:1      | Found a faded altar of an unknown god.
   134 | D:1      | Slain by a rat

Illustrated notes

Levels and vault maps discovered:
D:1:      dpeg_arrival_round_c, layout_basic, hellmonk_ecumenical_altar_run_dry

Skill      XL: |  1 |
---------------+----+-----
Stealth        | 3 |  3.1
Fighting       | |  1.0
Dodging        | |  1.6
Unarmed Combat | |  2.0
Spellcasting   | |  1.0
Transmutations | |  2.2
Evocations     | |  1.3

Action                   || total
-------------------------++-------
Melee: Unarmed           ||    15
       Bite              ||     1
Armor: Skin              ||     2
Dodge: Dodged            ||     5
